 Dungeon Crawl Stone Soup version 0.29.1-1-gd02db6906a (webtiles) character file.

Game seed: 16693252807318077519

625 LustLizard the Covered (level 7, -15/54 HPs)
             Began as a Demonspawn Fighter on Oct 8, 2022.
             Demolished by an ogre
             ... wielding a +0 giant spiked club
              (23 damage)
             ... on level 5 of the Dungeon.
             The game lasted 00:09:57 (4791 turns).

LustLizard the Covered (Demonspawn Fighter)         Turns: 4791, Time: 00:09:57

Health: -15/54     AC:  9    Str: 18    XL:     7   Next: 23%
Magic:  7/7        EV:  6    Int: 10    God:
Gold:   270        SH:  4    Dex: 14    Spells: 6/6 levels left

rFire   . . .      SeeInvis .   a - +0 long sword
rCold   . . .      Faith    .   c - +0 buckler
rNeg    . . .      Spirit   .   o - +0 chain mail
rPois   .          Reflect  .   (helmet restricted)
rElec   .          Harm     .   j - scarf {shadows}
rCorr   .          Rampage  .   (no gloves)
Will    .....                   (no boots)
Stlth   ..........              l - amulet of magic regeneration
HPRegen 0.18/turn               (no ring)
MPRegen 0.50/turn               (no ring)

@: no status effects
A: antennae 2, thin skeletal structure 1, powered by death 1
a: no special abilities


You were on level 5 of the Dungeon.
You visited 1 branch of the dungeon, and saw 5 of its levels.

You collected 325 gold pieces.
You spent 55 gold pieces at shops.

Inventory:

Hand Weapons
 a - a +0 long sword (weapon)
Missiles
 u - 6 stones (quivered)
Armour
 b - a +0 scale mail
 c - a +0 buckler (worn)
 f - a +0 crystal plate armour
 j - a scarf of shadows (worn)
 o - a +0 chain mail (worn)
Jewellery
 l - an amulet of magic regeneration (around neck)
Scrolls
 g - 2 scrolls of butterflies {unknown}
 k - a scroll of teleportation
 m - 3 scrolls of poison {unknown}
 p - a scroll of immolation {unknown}
 q - a scroll of noise {unknown}
Potions
 d - 2 potions of ambrosia {unknown}
 e - 2 potions of haste
 h - a potion of mutation
 i - 3 potions of cancellation
 n - a potion of degeneration
 r - 2 potions of attraction
 t - 2 potions of flight {unknown}


   Skills:
 + Level 4.3 Fighting
 * Level 4.2 Long Blades
 * Level 3.3 Throwing
 * Level 4.5 Armour
 - Level 2.6 Shields


You had 6 spell levels left.
You didn't know any spells.
Your spell library was empty.

Dungeon Overview and Level Annotations

Branches:
Dungeon (5/15)
 Temple: D:4-7

Altars:

Shops:
D:3 =:[!   D:5 [=


Innate Abilities, Weirdness & Mutations

You have a pair of antennae on your head.
You have a somewhat thin skeletal structure. (Dex +2, Stealth+)
You regenerate a little health from kills.


Message History

The scorpion is severely wounded.
You feel very sick.
The scorpion stings you but does no damage.
You barely miss the scorpion.
The scorpion is severely wounded.
You feel sick. You block the scorpion's attack. The scorpion barely misses you.
You hit the scorpion.
The scorpion is severely wounded.
You feel sick.
The scorpion stings you but does no damage.
You slash the scorpion!
You kill the scorpion!
You feel sick.
You start resting.
You feel sick. x3
You are no longer poisoned.
Okay, then.
Okay, then.
You start resting.
HP restored.
You sense a monster nearby.
An ogre comes into view. It is wielding a +0 giant spiked club.
The ogre shouts!
You throw a stone. The stone hits the ogre.
The ogre is lightly wounded.
You slash the ogre!
The ogre is moderately wounded.
The ogre hits you with a +0 giant spiked club!!
You hit the ogre.
The ogre is heavily wounded.
The ogre barely misses you.
You hit the ogre.
The ogre is heavily wounded.
The ogre hits you with a +0 giant spiked club!!
* * * LOW HITPOINT WARNING * * *
You slash the ogre!
The ogre is almost dead.
You hit the ogre but do no damage.
The ogre is almost dead.
The ogre hits you with a +0 giant spiked club!!
You die...

###### ....### .....
... ##### #O# .....
#@# ##.. #.# .#
#.####.# .# #......#
.# #.####.# .# #.
#.# .# ####.####.#
##.# .........##.#
#.########.........#


You could see an ogre.

Vanquished Creatures
  An ice beast (D:5)
  4 scorpions
  2 hounds
  Natasha (twice) (D:4)
  3 iguanas
  3 adders
  An ufetubus (D:4)
  A worm (D:2)
  A dart slug (D:4)
  2 orcs
  6 ball pythons
  10 endoplasms
  2 giant cockroaches
  5 goblins
  5 hobgoblins
  8 kobolds
  5 quokkas
  7 bats
  A frilled lizard (D:1)
  5 rats
74 creatures vanquished.

Notes
Turn   | Place    | Note
-------+----------+-------------------------------------------
     0 | D:1      | LustLizard the Demonspawn Fighter began the quest for the
                  | Orb.
     0 | D:1      | Reached XP level 1. HP: 18/18 MP: 1/1
   214 | D:1      | Gained mutation: You have a pair of small antennae on your
                  | head. [demonic ancestry]
   214 | D:1      | Reached XP level 2. HP: 24/24 MP: 2/2
   938 | D:2      | Gained mutation: You regenerate a little health from kills.
                  | [demonic ancestry]
   938 | D:2      | Reached XP level 3. HP: 16/29 MP: 3/3
  2009 | D:3      | Reached skill level 1 in Throwing
  2047 | D:3      | Gained mutation: You have a pair of antennae on your head.
                  | [demonic ancestry]
  2047 | D:3      | Reached XP level 4. HP: 27/35 MP: 4/4
  2196 | D:3      | Found Yfes's Jewellery Emporium.
  2211 | D:3      | Found Yfes's Book Boutique.
  2222 | D:3      | Found Baid's Antique Armour Boutique.
  2292 | D:3      | HP: 1/36 [frozen (2)]
  2567 | D:3      | Reached XP level 5. HP: 13/42 MP: 5/5
  2818 | D:3      | Found Raum's Distillery.
  2826 | D:3      | Bought a potion of heal wounds for 55 gold pieces
  3311 | D:4      | Noticed Natasha
  3323 | D:4      | Killed Natasha
  3376 | D:4      | You fall into a shaft and drop 1 floor!
  3376 | D:5      | Entered Level 5 of the Dungeon
  3399 | D:5      | Found Egaug's Armour Emporium.
  3400 | D:5      | Found Nismofu's Jewellery Boutique.
  3413 | D:5      | Gained mutation: You have a somewhat thin skeletal
                  | structure. (Dex +2, Stealth+) [demonic ancestry]
  3413 | D:5      | Reached XP level 6. HP: 37/48 MP: 6/6
  3487 | D:5      | Noticed an ice beast
  3775 | D:4      | Noticed Natasha
  4093 | D:4      | Killed Natasha
  4341 | D:5      | Killed an ice beast
  4342 | D:5      | Reached XP level 7. HP: 19/54 MP: 7/7
  4791 | D:5      | Demolished by an ogre

Illustrated notes

Levels and vault maps discovered:
D:1:      minmay_arrival_loop, layout_loops_ring,
          minmay_misc_feat_secret_circle, moated_statue,
          ebering_dispersal_statue_hall, minmay_cut_off
D:2:      layout_rooms
D:3:      layout_loops_cross, serial_shops, nicolae_shop_crystal,
          nicolae_shop_advertising_works [nicolae_subvault_shop_adworks], shop,
          nicolae_square_shop
D:4:      layout_basic, uniq_natasha
D:5:      layout_loops_ring, serial_shops, shop, shop, nicolae_stop_n_shop_1,
          shop

Skill      XL: |  1  2  3  4  5  6 |
---------------+-------------------+-----
Long Blades    | 2 3 4 |  4.2
Armour         | 3 4 |  4.5
Throwing       | 1 2 3 |  3.3
Fighting       | 4 |  4.3
Shields        | |  2.6

Action                   |  1- 3 |  4- 6 |  7- 9 || total
-------------------------+-------+-------+-------++-------
Melee: Long sword        |   124 |   177 |    19 ||   320
       Unarmed           |       |     3 |       ||     3
Throw: Stone             |    11 |       |     1 ||    12
  Use: Scroll            |     2 |     5 |       ||     7
       Potion            |       |     5 |       ||     5
Armor: Scale mail        |    43 |       |       ||    43
       Chain mail        |    13 |   114 |     6 ||   133
       Skin              |       |     9 |       ||     9
Dodge: Dodged            |    44 |    62 |     5 ||   111
Block: Buckler           |    23 |    50 |     4 ||    77
